 Dungeon Crawl Stone Soup version 0.16.1-11-g651b585 (webtiles) character file.

2757089 abixa the Wrestler (level 27, 293/293 HPs)
             Began as a Troll Monk on Apr 1, 2015.
             Was a High Priest of Okawaru.
             Escaped with the Orb
             ... and 5 runes on Apr 2, 2015!
             The game lasted 09:36:04 (90381 turns).

abixa the Wrestler (Troll Monk)                    Turns: 90381, Time: 09:36:04

Health: 293/293    AC: 35    Str: 28    XL:     27
Magic:  46/46      EV: 10    Int: 10    God:    Okawaru [*****.]
Gold:   3428       SH: 22    Dex: 20    Spells: 9 memorised, 4 levels left

rFire  + + .     SeeInvis +       - Unarmed
rCold  + . .     Clarity  .     A - +7 gold dragon armour
rNeg   + + .     SustAb   .     P - +0 large shield {reflect}
rPois  +         Gourm    +     Z - +2 hat {SInv}
rElec  .         Spirit   .     j - +0 cloak {MR+}
rCorr  .         Warding  .     (gloves unavailable)
rMut   .         Stasis   .     (boots unavailable)
MR     +++..                    G - amulet of regeneration
Stlth  ..........               u - ring of Suspected Treachery {rPois rN+ MR+ Slay+2}
                                R - ring "Jaeshes" {rF+ rN+ MR- MP+9 Int+4}

@: extremely resistant to hostile enchantments, extremely unstealthy
A: unfitting armour, claws 3, fast metabolism 3, gourmand, regeneration 2,
shaggy fur 1, tough skin 2
a: Heroism, Finesse, Renounce Religion
0: Orb of Zot
}: 5/15 runes: decaying, serpentine, slimy, silver, abyssal


You escaped.
You worshipped Okawaru.
Okawaru was extremely pleased with you.
You were not hungry.

You visited 13 branches of the dungeon, and saw 66 of its levels.
You visited the Abyss 1 time.
You also visited: Ice Cave, Volcano and Wizlab.

You collected 9675 gold pieces.
You spent 6247 gold pieces at shops.

Inventory:

Missiles
 v - 126 large rocks (quivered)
 L - 2 throwing nets
 N - 3 javelins of penetration
Armour
 j - a +0 cloak of magic resistance (worn)
 A - a +7 gold dragon armour (worn)
 P - a +0 large shield of reflection (worn)
 Z - a +2 hat of see invisible (worn)
Rods
 y - a +2 lightning rod (9/9)
   (You found it on level 3 of the Lair of Beasts)
 C - a +1 lightning rod (9/9)
   (You took it off a vault warden on level 5 of the Vaults)
Jewellery
 b - an uncursed amulet of resist corrosion
 k - an uncursed ring of flight
 u - the ring of Suspected Treachery (right claw) {rPois rN+ MR+ Slay+2}
   (You found it on level 3 of the Crypt)

   [ring of positive energy]

   It affects your accuracy and damage with ranged weapons and melee attacks
   (+2).
   It protects you from poison.
   It protects you from negative energy.
   It affects your resistance to hostile enchantments.
 G - an amulet of regeneration (around neck)
 H - the ring of the Cockroach {rF++ rN+ Str-4 Dex+6}
   (You found it on level 3 of the Crypt)

   [ring of positive energy]

   It affects your strength (-4).
   It affects your dexterity (+6).
   It greatly protects you from fire.
   It protects you from negative energy.
 R - the ring "Jaeshes" (left claw) {rF+ rN+ MR- MP+9 Int+4}
   (You found it on level 3 of the Crypt)

   [ring of positive energy]

   It affects your intelligence (+4).
   It protects you from fire.
   It protects you from negative energy.
   It affects your resistance to hostile enchantments.
   It affects your magic capacity (+9).
Magical devices
 s - a wand of fire (3)
 z - a wand of lightning (5)
 B - a wand of lightning (9)
 E - a wand of fire (8)
 F - a wand of teleportation (2)
 S - a wand of digging (1)
 V - a wand of cold (6)
 W - a wand of fireball (3)
Scrolls
 a - 2 scrolls of holy word
 c - 18 scrolls of recharging
 h - 9 scrolls of blinking
 m - 9 scrolls of fog
 o - 27 scrolls of remove curse
 t - 9 scrolls of teleportation
 K - 2 scrolls of summoning
 M - 9 scrolls of immolation
 Q - 2 scrolls of silence
 U - 17 scrolls of identify
Potions
 d - 2 potions of cancellation
 e - 8 potions of berserk rage
 f - 13 potions of heal wounds
 g - 8 potions of haste
 i - 9 potions of might
 l - 7 potions of resistance
 q - 14 potions of agility
 J - 19 potions of curing
 O - 5 potions of magic
 T - 3 potions of flight
 Y - 5 potions of restore abilities
Miscellaneous
 p - the horn of Geryon
 x - a lamp of fire
 X - a phial of floods
Comestibles
 D - 32 bread rations
 I - 3 meat rations


   Skills:
 + Level 20.4 Fighting
 - Level 15.0 Throwing
 - Level 18.0 Armour
 - Level 10.0 Dodging
 - Level 1.1 Stealth
 - Level 15.0 Shields
 - Level 23.0 Unarmed Combat
 - Level 15.0 Translocations
 - Level 7.0 Invocations
 - Level 16.0 Evocations


You had 4 spell levels left.
You knew the following spells:

 Your Spells              Type           Power        Failure   Level  Hunger
a - Apportation           Tloc           ####......   1%          1    ##.....
b - Shroud of Golubria    Chrm/Tloc      ###.......   38%         2    ###....
c - Blink                 Tloc           N/A          1%          2    ###....
d - Portal Projectile     Tloc           ####..       3%          3    ####...
e - Passage of Golubria   Tloc           N/A          12%         4    #####..
f - Swiftness             Chrm/Air       #.......     100%        2    ###....
g - Repel Missiles        Chrm/Air       #.....       100%        2    ###....
h - Flight                Chrm/Air       #.........   100%        3    ####...
i - Regeneration          Chrm/Necr      #.........   100%        3    ####...


Dungeon Overview and Level Annotations

Branches:
Dungeon (15/15)            Temple (1/1) D:5            Lair (8/8) D:10
  Swamp (5/5) Lair:4        Snake (5/5) Lair:3        Slime (6/6) Lair:8
    Orc (4/4) D:10            Elf (3/3) Orc:3        Vaults (5/5) D:13
  Crypt (3/3) Vaults:2       Tomb (0/3) Crypt:3      Depths (5/5) D:15
   Hell (1/1)                 Zot (5/5) Depths:5
    Dis: Hell:1         Geh: Hell:1         Coc: Hell:1         Tar: Hell:1

Altars:
Ashenzari
Cheibriados
Dithmenos
Elyvilon
Fedhas
Gozag
Kikubaaqudgha
Makhleb
Nemelex Xobeh
Okawaru
Qazlal
Ru
Sif Muna
Trog
Vehumet
Xom
Yredelemnul
Zin
The Shining One
Beogh
Jiyva

Shops:
D:6 ?   D:14 %   Orc:2 *   Orc:3 [   Orc:4 (*:   Elf:2 (   Elf:3 (   Snake:4 *
Vaults:3 =*   Vaults:4 !   Vaults:5 !?%%!?   Depths:1 *

Portals:
Hell: Depths:1 Depths:2 Depths:3 Depths:4 Depths:5
Abyss: Depths:4
Pandemonium: Depths:1 Depths:3
Ziggurat: Depths:2

Annotations:
D:1 fly for scroll
Lair:8 stones, food, digging
Slime:6 disc of storms, stone of tremors
Depths:2 1 exclusion


Innate Abilities, Weirdness & Mutations

You are too large for most types of armour.
You have claws for hands.
Your metabolism is lightning-fast.
You like to eat raw meat.
You heal very quickly.
You are covered in fur (AC +1).
You have very tough skin (AC +2).


Message History

The blue devil is severely wounded.
You block the blue devil's attack.
You scratch the blue devil but do no damage.
The blue devil is severely wounded.
The blue devil closely misses you.
You barely miss the blue devil.
The blue devil is severely wounded.
The blue devil misses you.
You eviscerate the blue devil!!!
You kill the blue devil!
Okawaru accepts your kill.
An infernal demonspawn comes into view. It is wielding a mace.
You shout at the infernal demonspawn!
There is a staircase leading out of the dungeon here.
Unknown command.
Unknown command.
Drink which item? (? for menu, Esc to quit)
It has a very clean taste.
Your urge to shout disappears.
You have escaped!

#.#.###....#..##..................#
..................................#
#.#.###....#......................#
#.#............#...................
...........#.#.#...................
#.#####.#..###.#..................#
#..............#..................#
.....##........######..#..........#
.....####.######.@.###.#..........#
..........###.##...###.#...........
...[..........#P...P##.##......###.
..............##...###.##......# #.
..............#P.6.P##..#......# #.
..............##...####.#......###.
.....#........#P...P# #........'...
.....#........##...## ##.......####
.....########.#P...P# #.###.......


You could see an infernal demonspawn.

Vanquished Creatures
  the royal jelly (Slime:6)
  Khufu (Crypt:3)
  6 ancient liches
  8 orbs of fire (Zot:5)
  Sojobo (Crypt:2)
  Saint Roka (Crypt:1)
  3 Killer Klowns (Zot:5)
  4 caustic shrikes (Depths:4)
  Mara (Snake:5)
  Mennas (Vaults:5)
  Geryon (Hell)
  10 golden dragons
  4 bone dragons
  Jory (Vaults:2)
  A profane servitor (Crypt:3)
  2 electric golems (Zot:5)
  A hellephant (Hell)
  8 tentacled monstrosities
  An Ice Fiend (IceCv)
  7 liches
  27 Orb Guardians
  9 titans
  2 deep elf blademasters (Elf:3)
  10 acid blobs
  5 quicksilver dragons
  7 tentacled starspawn
  An octopode crusher (Depths:1)
  2 Executioners (Abyss:2)
  8 sphinxes
  Agnes (Depths:3)
  9 storm dragons
  3 ancient champions
  2 thorn hunters
  7 shadow dragons
  9 tengu reavers
  2 draconian monks
  5 revenants
  7 frost giants
  9 azure jellies
  Wiglaf (Swamp:2)
  5 greater nagas
  Maud (Lair:6)
  10 deep elf sorcerers
  12 fire giants
  An iron dragon (Vaults:4)
  Aizul (Snake:1)
  5 draconian knights
  2 curse skulls
  11 draconian scorchers
  A draconian zealot (Zot:2)
  11 vault wardens
  Gastronok (D:9)
  3 emperor scorpions
  A cacodemon (Abyss:2)
  9 ghouls
  2 balrugs
  Jorgrun (Swamp:5)
  4 spriggan defenders
  A draconian shifter (Zot:2)
  7 very ugly things
  6 draconian annihilators
  18 ironheart preservers
  16 stone giants
  5 reapers
  5 war gargoyles
  A salamander firebrand (Hell)
  8 draconian callers
  6 grey draconians
  9 black draconians
  A green draconian (Zot:2)
  9 deep elf demonologists
  5 vampire knights
  2 dire elephants
  3 mottled draconians (Zot:1)
  9 deep elf annihilators
  4 red draconians
  An unborn (Crypt:3)
  7 purple draconians
  6 pale draconians
  4 white draconians
  5 yellow draconians
  2 eidola
  Snorg (Swamp:2)
  6 ettins
  27 jiangshi
  A crystal guardian (Vaults:3)
  3 mummy priests
  29 vault guards
  A merfolk impaler (Depths:1)
  3 minotaurs
  10 deep elf death magi
  6 deep elf high priests
  3 blizzard demons
  16 yaktaur captains
  8 death oozes
  6 death cobs
  24 fire dragons
  6 rakshasas
  14 great orbs of eyes
  Fannar (Lair:2)
  6 statues (WizLab)
  26 naga warriors
  14 ice dragons
  8 catoblepae
  17 hydras
  11 anacondas
  11 centaur warriors
  3 ghost crabs (Swamp:5)
  3 merfolk aquamancers (Depths:2)
  25 dancing weapons
  9 deep troll earth magi
  13 ogre magi
  27 death yaks
  7 spriggan air magi
  11 alligators
  5 hell hogs
  5 death knights
  6 shock serpents
  A tengu warrior (Depths:1)
  9 naga sharpshooters
  5 spriggan berserkers
  The ghost of ZiggyStardust the Nimble, a powerful VSWr of Kikubaaqudgha (Lair:1)
  4 orc high priests
  15 deep troll shamans
  3 vampire magi
  A sun demon (Depths:5)
  13 soul eaters
  7 thrashing horrors
  A titan skeleton (Vaults:5)
  16 hell knights
  6 wretched stars
  7 shadow wraiths
  27 deep elf knights
  6 flayed ghosts
  2 hell beasts
  6 iron trolls
  5 salamander mystics
  23 skeletal warriors
  13 ice devils
  A fire crab (Vaults:5)
  A death drake (Abyss:2)
  A sea snake (shapeshifter) (Vaults:5)
  12 deep elf summoners
  A shadow demon (Abyss:3)
  A spriggan druid (Swamp:5)
  4 swamp dragons
  3 unseen horrors
  11 ironbrand convokers
  3 ice statues (IceCv)
  19 orc knights
  5 wizards
  9 hill giants
  3 spectral hydras (Swamp:5)
  Pikel (D:8)
  4 shambling mangroves
  3 naga ritualists (Snake:4)
  32 deep trolls
  A harpy (shapeshifter) (Depths:5)
  9 harpies
  9 deep elf conjurers
  A wolf spider zombie (Abyss:2)
  6 necromancers
  10 phantasmal warriors
  A fire giant zombie (Vaults:3)
  11 oklob plants (Zot:3)
  2 hornets (shapeshifter)
  4 wolf spiders
  12 mana vipers
  A frost giant zombie (Hell)
  24 large abominations
  3 griffons
  A tengu skeleton (Vaults:5)
  A stone giant zombie (Hell)
  3 worldbinders
  3 hornets
  8 moths of wrath
  8 cyclopes
  5 sixfirhies
  A faun (shapeshifter) (Abyss:1)
  41 ugly things
  A shadow dragon skeleton (Abyss:2)
  A salamander (shapeshifter) (Elf:3)
  9 orc sorcerers
  A draconian (shapeshifter) (Vaults:5)
  4 shining eyes
  22 salamanders
  3 spriggan zombies
  17 elephants
  A centaur zombie (D:13)
  Maurice (D:7)
  2 manticores
  A stone giant skeleton (Vaults:5)
  A black mamba (shapeshifter) (Depths:5)
  3 eyes of devastation
  7 guardian serpents
  2 rust devils
  10 vault sentinels
  22 small abominations
  A storm dragon simulacrum (Vaults:3)
  27 black mambas
  22 naga magi
  An orange crystal statue (Snake:3)
  16 spiny frogs
  4 smoke demons
  4 torpor snails
  2 death yak zombies (Hell)
  A spiny frog (shapeshifter) (Elf:2)
  2 apocalypse crabs
  A sea snake zombie (Crypt:1)
  A queen ant (Lair:8)
  2 fire drakes
  65 yaktaurs
  2 swamp worm zombies (Swamp:5)
  5 human skeletons
  8 komodo dragons
  4 demonic crawlers
  2 golden dragon simulacra
  A hellion (Abyss:2)
  2 hellwings
  A catoblepas skeleton (Abyss:3)
  10 blue devils
  An anaconda simulacrum (IceCv)
  20 deep elf priests
  19 two-headed ogres
  10 guardian mummies
  9 trolls
  3 red devils
  6 hydra zombies
  3 silent spectres
  A queen bee (shapeshifter) (Vaults:5)
  A wind drake (Abyss:2)
  A wind drake (shapeshifter) (Vaults:4)
  A tengu conjurer (Depths:1)
  12 ancient zymes
  A sea snake skeleton (Crypt:2)
  4 giant leeches
  A spectral harpy (Crypt:3)
  A deep troll zombie (Hell)
  9 freezing wraiths
  5 polar bears
  A hydra skeleton (Hell)
  4 spectral swamp dragons (Swamp:5)
  20 blink frogs
  9 bog bodies
  31 raiju
  9 ravens
  6 boulder beetles
  2 centaur simulacra
  2 ravens (shapeshifter)
  5 alligator zombies (Swamp:5)
  14 shadows
  100 slime creatures
  3 water elementals
  A snapping turtle (shapeshifter) (Vaults:4)
  2 stone giant simulacra
  3 redbacks
  4 air elementals (Depths:5)
  7 basilisks
  55 flying skulls
  A tarantella (shapeshifter) (Vaults:4)
  A yak (shapeshifter) (Elf:2)
  31 deep elf magi
  3 tarantellas
  12 wraiths
  3 ynoxinuls
  10 spriggans
  A redback (shapeshifter) (Depths:4)
  A wyvern (shapeshifter) (Vaults:5)
  5 fire elementals (Depths:5)
  A human (shapeshifter) (D:15)
  Eustachio (D:5)
  A golden eye (Slime:6)
  35 vampire mosquitoes
  9 vampires
  4 dire elephant simulacra
  18 fire bats
  4 chaos spawn
  A mottled dragon (D:15)
  A steam dragon (Lair:3)
  3 wolves (Lair:5)
  2 hippogriffs (shapeshifter)
  30 deep elf fighters
  10 hippogriffs
  4 hungry ghosts
  36 swamp worms
  85 yaks
  2 elf skeletons
  4 wyverns
  20 insubstantial wisps
  Edmund (D:5)
  A warg (shapeshifter) (Vaults:5)
  4 wargs
  59 nagas
  A harpy simulacrum (IceCv)
  3 hydra simulacra
  10 neqoxecs
  7 soldier ants
  A soldier ant (shapeshifter) (Vaults:2)
  31 water moccasins
  A hell hound (Abyss:2)
  A slave (D:8)
  An iron troll simulacrum (IceCv)
  10 porcupines
  2 sky beasts
  A black bear (shapeshifter) (Depths:4)
  4 ice beasts
  14 phantoms
  5 swamp drakes
  A spiny frog zombie (Hell)
  A ghost crab zombie (Crypt:1)
  57 orc warriors
  An orc zombie (Vaults:3)
  12 wasps
  2 swamp dragon zombies (Swamp:5)
  A dwarf (shapeshifter) (Vaults:5)
  An ettin simulacrum (IceCv)
  3 boggarts (Depths:2)
  5 eyes of draining
  A manticore zombie (Crypt:1)
  16 necrophages
  23 centaurs
  A crocodile (shapeshifter) (Elf:1)
  51 ogres
  3 human zombies
  2 torpor snail zombies
  24 crocodiles
  A brain worm (Lair:3)
  3 boring beetles
  22 giant frogs
  3 earth elementals (Abyss:3)
  A giant frog (shapeshifter) (Vaults:4)
  A komodo dragon zombie (Crypt:1)
  A glowing shapeshifter simulacrum (Vaults:5)
  18 killer bees
  5 scorpions
  A wyvern skeleton (Crypt:1)
  A queen bee zombie (Crypt:1)
  4 electric eels
  13 wights
  A giant frog zombie (D:12)
  2 goliath beetles (D:9)
  15 starcursed masses
  4 quasits
  19 jellies
  7 crimson imps
  9 hounds
  31 orc priests
  28 orc wizards
  3 giant frog skeletons
  5 iron imps
  4 hell rats
  4 centaur skeletons
  8 iguanas
  29 worker ants
  26 sheep
  A felid zombie (Crypt:1)
  A mottled dragon zombie (Crypt:2)
  A brain worm zombie (Crypt:2)
  A deep dwarf skeleton (Crypt:2)
  2 hound skeletons
  5 mummies (Crypt:1)
  Robin (D:3)
  A swamp drake zombie (Swamp:5)
  24 adders
  107 river rats
  5 shadow imps
  19 white imps
  15 worms
  13 ufetubi
  10 giant geckos
  187 orcs
  An orc (shapeshifter) (Vaults:4)
  6 giant cockroaches
  24 hobgoblins
  17 jackals
  15 kobolds
  16 quokkas
  A ball python (D:3)
  71 bats
  A giant gecko skeleton (D:6)
  5 giant newts
  2 giant spores
  26 goblins
  A kobold zombie (Crypt:1)
  13 rats
  4 ballistomycetes
  A bush (Lair:8)
  4 crawling corpses
  A fungus (Orc:2)
  3 plants
  12 starspawn tentacles
3497 creatures vanquished.

Vanquished Creatures (collateral kills)
  A tengu reaver (Crypt:2)
  A ghoul (Crypt:3)
  A war gargoyle (Vaults:5)
  A soul eater (Crypt:3)
  A bog body (Crypt:3)
  2 air elementals (Crypt:2)
  A snapping turtle zombie (Abyss:1)
  2 small abominations
  A white imp (Abyss:1)
  3 ufetubi
14 creatures vanquished.

Vanquished Creatures (others)
  A tengu reaver (Vaults:5)
  3 hell beasts
  A yaktaur captain (Vaults:5)
  3 water elementals
  A spiny frog (shapeshifter) (Vaults:5)
  A vault sentinel (Vaults:2)
  A yaktaur (Depths:4)
  3 fire elementals
  A minotaur zombie (Hell)
  A raven (Swamp:5)
  A hydra skeleton (Hell)
  A chimera (Depths:1)
  A small abomination (Abyss:2)
  2 deep elf magi (Elf:3)
  A deep elf fighter (Elf:2)
  A chaos spawn (Abyss:2)
  An orc warrior (Vaults:1)
  2 spiny frog skeletons (Hell)
  A swamp drake (Swamp:2)
  3 slaves (D:8)
  4 ogres
  4 centaurs (D:13)
  An alligator simulacrum (Hell)
  15 lost souls
  A giant frog (Swamp:5)
  An orc priest (Vaults:4)
  A shadow imp (Abyss:3)
  2 ufetubi
  5 orcs
  A bat (D:8)
  6 bushes (Zot:3)
  22 fungi
  11 plants
  25 starspawn tentacles
  184 starspawn tentacle segments
313 creatures vanquished.

Grand Total: 3824 creatures vanquished

Notes
Turn   | Place    | Note
--------------------------------------------------------------
     0 | D:1      | abixa, the Troll Monk, began the quest for the Orb.
     0 | D:1      | Reached XP level 1. HP: 22/22 MP: 1/1
   136 | D:1      | Reached XP level 2. HP: 27/29 MP: 1/1
   304 | D:1      | Found a sparkling altar of Nemelex Xobeh.
   554 | D:2      | Found a radiant altar of Vehumet.
   570 | D:2      | Found a sacrificial altar of Ru.
   668 | D:2      | Reached skill level 5 in Unarmed Combat
   668 | D:2      | Reached XP level 3. HP: 36/36 MP: 2/2
  1135 | D:3      | Found an opulent altar of Gozag.
  1392 | D:3      | Reached XP level 4. HP: 41/44 MP: 2/2
  1706 | D:3      | Reached skill level 6 in Unarmed Combat
  1787 | D:3      | Noticed Robin
  1851 | D:3      | Killed Robin
  1958 | D:3      | Reached XP level 5. HP: 39/50 MP: 2/2
  2319 | D:4      | Noticed an ogre
  2329 | D:4      | Killed an ogre
  2329 | D:4      | Reached skill level 1 in Throwing
  2329 | D:4      | Reached XP level 6. HP: 59/59 MP: 3/3
  2421 | D:4      | Found a burning altar of Makhleb.
  2674 | D:4      | Reached skill level 7 in Unarmed Combat
  3134 | D:4      | Noticed an ogre
  3142 | D:4      | Killed an ogre
  3312 | D:5      | Entered Level 5 of the Dungeon
  3352 | D:4      | Reached XP level 7. HP: 61/67 MP: 3/3
  3589 | D:5      | Noticed Edmund
  3600 | D:5      | Killed Edmund
  3914 | D:5      | Reached skill level 8 in Unarmed Combat
  3914 | D:5      | Reached XP level 8. HP: 71/79 MP: 3/3
  4148 | D:5      | Noticed Eustachio
  4172 | D:5      | Killed Eustachio
  4251 | D:5      | Found a glowing golden altar of the Shining One.
  4251 | D:5      | Found an ancient bone altar of Kikubaaqudgha.
  4337 | D:5      | Found a staircase to the Ecumenical Temple.
  4347 | Temple   | Entered the Ecumenical Temple
  4725 | D:6      | Reached skill level 5 in Fighting
  4843 | D:6      | Found Skadu's Magic Scroll Emporium.
  4851 | D:6      | Bought a scroll of fog for 22 gold pieces
  4851 | D:6      | Bought a scroll of teleportation for 33 gold pieces
  4851 | D:6      | Bought a scroll of magic mapping for 38 gold pieces
  4851 | D:6      | Bought a scroll of remove curse for 33 gold pieces
  4851 | D:6      | Bought a scroll of silence for 82 gold pieces
  4851 | D:6      | Bought a scroll of fear for 38 gold pieces
  5191 | D:7      | Found an iron altar of Okawaru.
  5198 | D:7      | Became a worshipper of Warmaster Okawaru
  5198 | D:7      | Acquired Okawaru's first power
  5203 | D:7      | Found an opulent altar of Gozag.
  5207 | D:7      | Found a bloodstained altar of Trog.
  5687 | D:7      | Found a glowing golden altar of the Shining One.
  5905 | D:7      | Reached skill level 1 in Invocations
  6357 | D:8      | Noticed Maurice
  6884 | D:7      | Found a glowing golden altar of the Shining One.
  7259 | D:7      | Reached skill level 5 in Throwing
  7429 | D:7      | Killed Maurice
  7429 | D:7      | Reached skill level 9 in Unarmed Combat
  7429 | D:7      | Reached XP level 9. HP: 88/88 MP: 5/5
  7889 | D:8      | Reached skill level 10 in Unarmed Combat
  7892 | D:8      | Noticed Pikel
  7900 | D:8      | Killed Pikel
  8315 | D:8      | Reached XP level 10. HP: 100/100 MP: 5/5
  8387 | D:8      | Reached skill level 11 in Unarmed Combat
  8419 | D:8      | Found a white marble altar of Elyvilon.
  8489 | D:8      | Acquired Okawaru's second power
  8514 | D:8      | Reached skill level 5 in Dodging
  8583 | D:8      | Received a gift from Okawaru
  8598 | D:8      | Found a runed door.
  8624 | D:8      | Found a burning altar of Makhleb.
  8641 | D:8      | Found a shimmering altar of Xom.
  8684 | D:8      | Found a shimmering altar of Xom.
  8692 | D:8      | Found a basalt altar of Yredelemnul.
  8706 | D:8      | Found a stormy altar of Qazlal.
  8952 | D:8      | Noticed a flayed ghost
  8961 | D:8      | HP: 2/100 [flayed ghost (22)]
  8979 | D:8      | Killed a flayed ghost
  9124 | D:9      | Noticed Gastronok
  9203 | D:9      | Killed Gastronok
  9203 | D:9      | Received a gift from Okawaru
  9203 | D:9      | Reached XP level 11. HP: 41/107 MP: 3/5
  9550 | D:9      | Found a staircase to the Lair.
  9580 | D:9      | Received a gift from Okawaru
 10125 | D:9      | Received a gift from Okawaru
 10135 | D:9      | Got a tattered robe {god gift}
 10286 | D:10     | Entered Level 10 of the Dungeon
 10372 | D:10     | Found a staircase to the Lair.
 10422 | D:10     | Found a staircase to the Orcish Mines.
 10841 | D:10     | Identified the -1 robe of Morality {rC- Str+6 SInv} (Okawaru gifted it to you on level 9 of the Dungeon)
 10914 | D:10     | Noticed a hill giant
 10922 | D:10     | Killed a hill giant
 11530 | Lair:1   | Entered Level 1 of the Lair of Beasts
 11578 | Lair:1   | Got a pitted falchion
 11579 | Lair:1   | Identified the +7 falchion of the Beginning {flame, rPois rC+ rN+ MR- Dex-3} (You found it on level 1 of the Lair of Beasts)
 11663 | Lair:1   | Noticed ZiggyStardust's ghost (powerful VSWr)
 11682 | Lair:1   | Killed ZiggyStardust's ghost
 11705 | Lair:1   | Reached skill level 12 in Unarmed Combat
 12412 | Lair:2   | Reached XP level 12. HP: 119/119 MP: 13/13
 12973 | Lair:3   | Noticed Fannar
 12985 | Lair:2   | Killed Fannar
 12985 | Lair:2   | Received a gift from Okawaru
 13118 | Lair:3   | Reached skill level 5 in Invocations
 13491 | Lair:3   | Noticed a seven-headed hydra
 13572 | Lair:3   | Killed a seven-headed hydra
 13572 | Lair:3   | Reached skill level 13 in Unarmed Combat
 13601 | Lair:3   | Found a staircase to the Snake Pit.
 13782 | Lair:3   | Noticed a five-headed hydra
 14049 | Orc:1    | Entered Level 1 of the Orcish Mines
 14812 | Orc:2    | Found Klutawo's Assorted Antiques.
 14925 | Orc:2    | Bought a copper wand for 76 gold pieces
 14925 | Orc:2    | Bought a bubbling orange potion for 17 gold pieces
 15135 | Orc:2    | Found a roughly hewn altar of Beogh.
 15536 | Orc:3    | Found a staircase to the Elven Halls.
 15579 | Orc:3    | Found Warchapt's Antique Armour Emporium.
 15589 | Orc:3    | Bought a runed cloak for 135 gold pieces
 15702 | Orc:4    | Entered Level 4 of the Orcish Mines
 15794 | Orc:4    | Found a dark tunnel.
 15821 | Volcano  | Entered a volcano
 17233 | Orc:4    | Received a gift from Okawaru
 17233 | Orc:4    | Reached skill level 14 in Unarmed Combat
 17233 | Orc:4    | Reached XP level 13. HP: 83/127 MP: 20/20
 17514 | Orc:4    | Received a gift from Okawaru
 17895 | Orc:4    | Found Ogizxic's General Store.
 17896 | Orc:4    | Found Klumaock's Book Shoppe.
 18059 | Orc:4    | Found Equis' Antique Armour Emporium.
 18059 | Orc:4    | Found Acwa's Antique Weapon Emporium.
 18073 | Orc:4    | Bought 2 potions of poison for 28 gold pieces
 18520 | Orc:4    | Bought a scroll of fog for 28 gold pieces
 18520 | Orc:4    | Bought a scroll of recharging for 133 gold pieces
 19126 | Lair:3   | Killed a five-headed hydra
 19149 | Lair:3   | Reached skill level 10 in Fighting
 19357 | Lair:4   | Found a staircase to the Swamp.
 19381 | Lair:4   | Learned a level 1 spell: Apportation
 19384 | Lair:4   | Learned a level 2 spell: Shroud of Golubria
 19387 | Lair:4   | Learned a level 2 spell: Blink
 19391 | Lair:4   | Learned a level 3 spell: Portal Projectile
 19396 | Lair:4   | Learned a level 4 spell: Passage of Golubria
 20262 | Lair:5   | Found an iron altar of Okawaru.
 20828 | Lair:5   | Received a gift from Okawaru
 21406 | Lair:6   | Received a gift from Okawaru
 21631 | Lair:6   | Received a gift from Okawaru
 21792 | Lair:6   | Got a sheer robe
 21844 | Lair:6   | Received a gift from Okawaru
 21975 | Lair:6   | Reached XP level 14. HP: 143/143 MP: 20/20
 22233 | Lair:6   | Noticed Maud
 22337 | Lair:6   | Killed Maud
 22473 | Lair:6   | Reached skill level 10 in Throwing
 22485 | Lair:6   | Received a gift from Okawaru
 22489 | Lair:6   | Reached skill level 10 in Dodging
 22648 | Lair:6   | Reached skill level 1 in Armour
 23207 | Lair:6   | Reached skill level 5 in Armour
 23983 | Lair:8   | Entered Level 8 of the Lair of Beasts
 24038 | Lair:8   | Found a staircase to the Slime Pits.
 24038 | Lair:8   | Found a viscous altar of Jiyva.
 24323 | Lair:8   | Received a gift from Okawaru
 24572 | Lair:8   | Found a sacrificial altar of Ru.
 25110 | Lair:8   | Reached XP level 15. HP: 103/149 MP: 21/21
 25207 | Lair:8   | Received a gift from Okawaru
 25457 | Lair:8   | Reached skill level 10 in Armour
 25477 | Lair:8   | Reached skill level 1 in Evocations
 26170 | Snake:1  | Entered Level 1 of the Snake Pit
 26270 | Snake:1  | Reached skill level 5 in Evocations
 26681 | D:11     | Received a gift from Okawaru
 27079 | D:11     | Received a gift from Okawaru
 28401 | D:13     | Found a gate to the Vaults.
 28924 | D:13     | Reached skill level 10 in Evocations
 29652 | D:14     | Found Egippuwk's Food Shop.
 30440 | D:15     | Entered Level 15 of the Dungeon
 31155 | D:15     | Found a staircase to the Depths.
 31672 | Swamp:1  | Entered Level 1 of the Swamp
 31682 | Swamp:1  | Found a frozen archway.
 31718 | Swamp:1  | Got a silken robe
 31726 | IceCv    | Entered an ice cave
 31751 | IceCv    | Reached skill level 15 in Unarmed Combat
 31771 | IceCv    | Received a gift from Okawaru
 31841 | IceCv    | Reached XP level 16. HP: 153/157 MP: 25/25
 32269 | IceCv    | Received a gift from Okawaru
 32456 | IceCv    | Noticed an Ice Fiend
 32470 | IceCv    | Killed an Ice Fiend
 32879 | Swamp:1  | Reached skill level 1 in Shields
 33208 | Swamp:1  | Reached skill level 16 in Unarmed Combat
 33403 | Swamp:2  | Noticed Wiglaf
 33417 | Swamp:2  | Killed Wiglaf
 33548 | Swamp:2  | Received a gift from Okawaru
 33657 | Swamp:2  | Noticed Snorg
 33670 | Swamp:2  | Killed Snorg
 33827 | Swamp:2  | Received a gift from Okawaru
 33877 | Swamp:2  | Reached skill level 5 in Shields
 35742 | Swamp:4  | Learned a level 2 spell: Swiftness
 36248 | Swamp:5  | Entered Level 5 of the Swamp
 36254 | Swamp:5  | Received a gift from Okawaru
 36389 | Swamp:5  | Received a gift from Okawaru
 36409 | Swamp:5  | Noticed Jorgrun
 36425 | Swamp:5  | Killed Jorgrun
 36610 | Swamp:5  | Reached XP level 17. HP: 163/165 MP: 26/26
 37307 | Swamp:5  | Noticed a bone dragon
 37393 | Swamp:5  | Killed a bone dragon
 37393 | Swamp:5  | Reached skill level 10 in Shields
 37504 | Swamp:5  | Received a gift from Okawaru
 37842 | Swamp:5  | Got a decaying rune of Zot
 38251 | Snake:1  | Noticed Aizul
 38263 | Snake:1  | Killed Aizul
 38685 | Snake:1  | Received a gift from Okawaru
 39366 | Snake:2  | Received a gift from Okawaru
 40886 | Snake:3  | Received a gift from Okawaru
 41425 | Snake:4  | Reached XP level 18. HP: 170/174 MP: 10/27
 42123 | Snake:4  | Received a gift from Okawaru
 42210 | Snake:4  | Found Tryacyt's General Store.
 42217 | Snake:4  | Bought a scroll of identify for 22 gold pieces
 42217 | Snake:4  | Bought a scroll of identify for 22 gold pieces
 42217 | Snake:4  | Bought 7 steel javelins for 184 gold pieces
 42540 | Snake:5  | Entered Level 5 of the Snake Pit
 42568 | Snake:5  | Received a gift from Okawaru
 42676 | Snake:5  | Received a gift from Okawaru
 42914 | Snake:5  | Reached skill level 17 in Unarmed Combat
 43181 | Snake:5  | Received a gift from Okawaru
 43620 | Snake:5  | Noticed Mara
 43721 | Snake:5  | Killed Mara
 43946 | Snake:5  | Received a gift from Okawaru
 43972 | Snake:5  | Got a shimmering robe {god gift}
 44138 | Snake:5  | Got a serpentine rune of Zot
 44738 | Lair:2   | Learned a level 2 spell: Repel Missiles
 44900 | Vaults:1 | Entered Level 1 of the Vaults
 45588 | Vaults:1 | Reached XP level 19. HP: 171/187 MP: 28/28
 45664 | Vaults:1 | Found a roughly hewn altar of Beogh.
 45691 | Vaults:1 | Received a gift from Okawaru
 45900 | Vaults:1 | Received a gift from Okawaru
 46472 | Vaults:2 | Noticed Jory
 46496 | Vaults:2 | Killed Jory
 46641 | Vaults:2 | Received a gift from Okawaru
 46697 | Vaults:2 | Found a staircase to the Crypt.
 47087 | Vaults:2 | Received a gift from Okawaru
 47585 | Vaults:3 | Received a gift from Okawaru
 47696 | Vaults:3 | Received a gift from Okawaru
 47899 | Vaults:3 | Found Woggyacy's Jewellery Boutique.
 48153 | Vaults:3 | Reached skill level 18 in Unarmed Combat
 48244 | Vaults:3 | Received a gift from Okawaru
 48373 | Vaults:3 | Found Teblu's Assorted Antiques.
 48379 | Vaults:3 | Bought a potion of agility for 116 gold pieces
 48379 | Vaults:3 | Bought a potion of curing for 87 gold pieces
 48379 | Vaults:3 | Bought a potion of might for 116 gold pieces
 49068 | Vaults:4 | Received a gift from Okawaru
 49378 | Vaults:4 | Reached XP level 20. HP: 173/199 MP: 29/29
 49999 | Vaults:4 | Found Shrira's Distillery.
 50008 | Vaults:4 | Bought a potion of magic for 104 gold pieces
 50008 | Vaults:4 | Bought a potion of experience for 650 gold pieces
 50008 | Vaults:4 | Bought a potion of haste for 130 gold pieces
 50008 | Vaults:4 | Bought a potion of heal wounds for 65 gold pieces
 50008 | Vaults:4 | Bought a potion of haste for 130 gold pieces
 50008 | Vaults:4 | Bought a potion of curing for 39 gold pieces
 50008 | Vaults:4 | Bought a potion of heal wounds for 65 gold pieces
 50008 | Vaults:4 | Bought a potion of curing for 39 gold pieces
 50008 | Vaults:4 | Bought a potion of agility for 52 gold pieces
 50008 | Vaults:4 | Bought a potion of agility for 52 gold pieces
 50013 | Vaults:4 | Reached XP level 21. HP: 207/207 MP: 29/31
 50716 | Lair:2   | Learned a level 3 spell: Flight
 51001 | Depths:1 | Entered Level 1 of the Depths
 51176 | Depths:1 | Found a magical portal.
 51192 | Depths:1 | Received a gift from Okawaru
 51417 | WizLab   | Entered Tukima's Studio
 52144 | Depths:1 | Found Briofopsi's Serpentskin Sales.
 52164 | Depths:1 | Reached skill level 19 in Unarmed Combat
 52311 | Depths:1 | Found a one-way gate leading to the halls of Pandemonium.
 52564 | Depths:1 | Found a gateway to Hell.
 53030 | Depths:2 | Found a gateway to a ziggurat.
 53064 | Depths:1 | Reached skill level 20 in Unarmed Combat
 53198 | Depths:2 | Found an iron altar of Okawaru.
 53628 | Depths:2 | Received a gift from Okawaru
 53802 | Depths:2 | Noticed an ancient lich
 54107 | Depths:2 | Killed an ancient lich
 54107 | Depths:2 | Received a gift from Okawaru
 54107 | Depths:2 | Reached XP level 22. HP: 200/217 MP: 32/32
 54322 | Depths:2 | Got a fine lapis lazuli ring
 54323 | Depths:2 | Identified the ring of Smourunk {Fire Str+2} (You found it on level 2 of the Depths)
 54713 | Depths:2 | Received a gift from Okawaru
 55072 | Depths:3 | Received a gift from Okawaru
 55128 | Depths:3 | Noticed Agnes
 55137 | Depths:3 | Killed Agnes
 55516 | Depths:3 | Reached skill level 15 in Shields
 55692 | Depths:3 | Gained mutation: You are frail (-10% HP). [a neqoxec]
 56487 | Depths:4 | Received a gift from Okawaru
 56512 | Depths:4 | Noticed a caustic shrike
 56524 | Depths:4 | Killed a caustic shrike
 56842 | Depths:4 | Received a gift from Okawaru
 56905 | Depths:4 | Reached skill level 15 in Fighting
 56942 | Depths:4 | Received a gift from Okawaru
 57641 | Depths:4 | Found a one-way gate to the infinite horrors of the Abyss.
 58046 | Depths:5 | Entered Level 5 of the Depths
 58117 | Depths:5 | Reached XP level 23. HP: 201/209 MP: 32/32
 58265 | Depths:5 | Noticed a caustic shrike
 58265 | Depths:5 | Noticed a caustic shrike
 58266 | Depths:5 | Noticed a caustic shrike
 58275 | Depths:4 | Killed a caustic shrike
 58454 | Depths:4 | Killed a caustic shrike
 58647 | Depths:5 | Paralysed by a great orb of eyes for 7 turns
 58852 | Depths:5 | Received a gift from Okawaru
 59075 | Depths:5 | Reached skill level 15 in Armour
 59672 | Depths:4 | Killed a caustic shrike
 60022 | Depths:5 | Paralysed by a sphinx for 4 turns
 60424 | Depths:5 | Found a gate to the Realm of Zot.
 60557 | Depths:5 | Received a gift from Okawaru
 60741 | Depths:5 | Paralysed by a sphinx for 6 turns
 60876 | Hell     | Entered the Vestibule of Hell
 60887 | Hell     | Noticed Geryon
 60938 | Hell     | Killed Geryon
 61790 | Depths:5 | Received a gift from Okawaru
 63013 | Depths:2 | Reached XP level 24. HP: 147/217 MP: 33/33
 63534 | Vaults:5 | Entered Level 5 of the Vaults
 64185 | Vaults:4 | Received a gift from Okawaru
 64276 | Vaults:5 | Noticed an ancient lich
 64352 | Vaults:4 | Killed an ancient lich
 64765 | Vaults:5 | Received a gift from Okawaru
 64873 | Vaults:4 | Received a gift from Okawaru
 65721 | Vaults:4 | Received a gift from Okawaru
 66148 | Vaults:5 | Received a gift from Okawaru
 66264 | Vaults:5 | Reached skill level 15 in Evocations
 66322 | Vaults:5 | Reached XP level 25. HP: 209/224 MP: 35/35
 66333 | Vaults:5 | Got a glittering copper ring
 66334 | Vaults:5 | Identified the ring "Unkoluat" {rPois rC+ Stlth+} (You found it on level 5 of the Vaults)
 66445 | Vaults:5 | Found Duhaw's Distillery.
 66485 | Vaults:5 | Found Mazup's Food Emporium.
 66485 | Vaults:5 | Found Yhodghao's Distillery.
 66717 | Vaults:5 | Found Cithec's Magic Scroll Shoppe.
 66919 | Vaults:5 | Found Gaopauqe's Distillery.
 66919 | Vaults:5 | Found Sazosi's Magic Scroll Emporium.
 66952 | Vaults:5 | Found Hemiakil's Food Boutique.
 66975 | Vaults:5 | Found Ichoomita's Distillery.
 67063 | Vaults:5 | Identified the Almanac of Flying Companions (You found it on level 5 of the Vaults)
 67165 | Vaults:5 | Noticed Mennas
 67179 | Vaults:5 | Killed Mennas
 67213 | Vaults:5 | Received a gift from Okawaru
 67360 | Vaults:5 | Got a silver rune of Zot
 67755 | Vaults:5 | Bought a potion of haste for 120 gold pieces
 67755 | Vaults:5 | Bought a potion of agility for 48 gold pieces
 67755 | Vaults:5 | Bought a potion of heal wounds for 60 gold pieces
 67755 | Vaults:5 | Bought a potion of heal wounds for 60 gold pieces
 67755 | Vaults:5 | Bought a potion of brilliance for 48 gold pieces
 67755 | Vaults:5 | Bought a potion of curing for 36 gold pieces
 67755 | Vaults:5 | Bought a potion of curing for 36 gold pieces
 67755 | Vaults:5 | Bought a potion of haste for 120 gold pieces
 67773 | Vaults:5 | Bought a potion of magic for 120 gold pieces
 67773 | Vaults:5 | Bought a potion of flight for 45 gold pieces
 67773 | Vaults:5 | Bought a potion of invisibility for 120 gold pieces
 67773 | Vaults:5 | Bought a potion of brilliance for 60 gold pieces
 67773 | Vaults:5 | Bought a potion of might for 60 gold pieces
 67773 | Vaults:5 | Bought 2 potions of curing for 90 gold pieces
 67780 | Vaults:5 | Bought a scroll of teleportation for 69 gold pieces
 67780 | Vaults:5 | Bought a scroll of holy word for 172 gold pieces
 67780 | Vaults:5 | Bought a scroll of teleportation for 69 gold pieces
 67780 | Vaults:5 | Bought a scroll of recharging for 218 gold pieces
 67780 | Vaults:5 | Bought a scroll of fear for 80 gold pieces
 67780 | Vaults:5 | Bought a scroll of identify for 46 gold pieces
 67780 | Vaults:5 | Bought a scroll of enchant weapon for 172 gold pieces
 67780 | Vaults:5 | Bought a scroll of vulnerability for 172 gold pieces
 67780 | Vaults:5 | Bought a scroll of fog for 46 gold pieces
 67799 | Vaults:5 | Bought a scroll of magic mapping for 84 gold pieces
 67799 | Vaults:5 | Bought a scroll of identify for 48 gold pieces
 67799 | Vaults:5 | Bought a scroll of identify for 48 gold pieces
 67799 | Vaults:5 | Bought a scroll of recharging for 228 gold pieces
 67799 | Vaults:5 | Bought a scroll of identify for 48 gold pieces
 67799 | Vaults:5 | Bought a scroll of blinking for 180 gold pieces
 67806 | Vaults:5 | Bought a potion of curing for 63 gold pieces
 67806 | Vaults:5 | Bought a potion of might for 84 gold pieces
 67806 | Vaults:5 | Bought a potion of magic for 168 gold pieces
 67806 | Vaults:5 | Bought a potion of agility for 84 gold pieces
 67806 | Vaults:5 | Bought a potion of curing for 63 gold pieces
 67806 | Vaults:5 | Bought a potion of might for 84 gold pieces
 67806 | Vaults:5 | Bought a potion of invisibility for 168 gold pieces
 67806 | Vaults:5 | Bought a potion of brilliance for 84 gold pieces
 67806 | Vaults:5 | Bought a potion of resistance for 210 gold pieces
 68882 | Elf:1    | Entered Level 1 of the Elven Halls
 70458 | Elf:2    | Received a gift from Okawaru
 70584 | Elf:2    | Found Micaz's Weapon Boutique.
 70827 | Elf:2    | Found a huge runed gate.
 70828 | Elf:2    | Found a huge runed gate.
 70828 | Elf:2    | Found a huge runed gate.
 70837 | Elf:2    | Found a huge runed gate.
 70838 | Elf:2    | Found a huge runed gate.
 71016 | Elf:3    | Entered Level 3 of the Elven Halls
 71155 | Elf:3    | Found Shosio Loegh's Antique Weapon Shop.
 72210 | Elf:3    | Reached skill level 15 in Throwing
 72269 | Elf:3    | Got a transparent blowgun
 72272 | Elf:3    | Identified the +3 blowgun of Subterfuge {speed, rF+} (You found it on level 3 of the Elven Halls)
 73768 | Crypt:1  | Entered Level 1 of the Crypt
 73793 | Crypt:1  | Reached XP level 26. HP: 231/231 MP: 37/37
 73844 | Crypt:1  | Reached skill level 1 in Translocations
 73863 | Crypt:1  | Received a gift from Okawaru
 74253 | Crypt:1  | Found an ancient bone altar of Kikubaaqudgha.
 74268 | Crypt:1  | Received a gift from Okawaru
 74559 | Crypt:2  | Noticed Saint Roka
 74605 | Crypt:1  | Killed Saint Roka
 74933 | Crypt:2  | Reached skill level 5 in Translocations
 75196 | Crypt:2  | Noticed Sojobo
 75214 | Crypt:2  | Killed Sojobo
 75496 | Crypt:2  | Received a gift from Okawaru
 75499 | Crypt:2  | Got a dazzling cloak {god gift}
 75500 | Crypt:2  | Identified the -4 cloak of Uruhoic {rF+ rC+ MR+ Int+2} (Okawaru gifted it to you on level 2 of the Crypt)
 75625 | Crypt:2  | Found a basalt altar of Yredelemnul.
 75647 | Crypt:2  | Identified the Incunabulum of Helpful Darkness
 75652 | Crypt:2  | Learned a level 3 spell: Regeneration
 75752 | Crypt:3  | Entered Level 3 of the Crypt
 76197 | Crypt:3  | Found an ancient bone altar of Kikubaaqudgha.
 76970 | Crypt:3  | Got a pitted jade ring
 76971 | Crypt:3  | Identified the ring of the Cockroach {rF++ rN+ Str-4 Dex+6} (You found it on level 3 of the Crypt)
 76979 | Crypt:3  | Got a slimy marble ring
 76979 | Crypt:3  | Got a translucent bone ring
 76980 | Crypt:3  | Identified the ring of Suspected Treachery {rPois rN+ MR+ Slay+2} (You found it on level 3 of the Crypt)
 76981 | Crypt:3  | Identified the ring "Jaeshes" {rF+ rN+ MR- MP+9 Int+4} (You found it on level 3 of the Crypt)
 77354 | Crypt:3  | Reached skill level 10 in Translocations
 77389 | Crypt:3  | Received a gift from Okawaru
 77666 | Crypt:3  | Noticed Khufu
 77680 | Crypt:3  | Killed Khufu
 77680 | Crypt:3  | Received a gift from Okawaru
 77717 | Crypt:3  | Found a staircase to the Tomb.
 78069 | Crypt:3  | Identified the Catalogue of Stolen Souls
 78714 | Depths:4 | Voluntarily entered the Abyss.
 78849 | Abyss:1  | Gained mutation: You expend magic power (6 MP) to strengthen your wands. [a neqoxec]
 78908 | Abyss:1  | Gained mutation: Potions and wands are less effective at restoring your health. [a neqoxec]
 79060 | Abyss:1  | Paralysed by accursed screaming for 2 turns
 79264 | Abyss:2  | Found a corrupted altar of Lugonu.
 79440 | Abyss:2  | Reached XP level 27. HP: 211/233 MP: 37/37
 80438 | Abyss:2  | Gained mutation: You are very weak. (Str -4) [a cacodemon]
 80441 | Abyss:2  | Gained mutation: Your body is rapidly deteriorating. [a cacodemon]
 80611 | Abyss:2  | Lost intelligence.
 80784 | Abyss:2  | Received a gift from Okawaru
 80993 | Abyss:2  | Found a corrupted altar of Lugonu.
 81171 | Abyss:3  | Lost mutation: You expend magic power (3 MP) to slightly strengthen your wands. [potion of cure mutation]
 81171 | Abyss:3  | Lost mutation: Your body is slowly deteriorating. [potion of cure mutation]
 81171 | Abyss:3  | Lost mutation: Potions and wands are less effective at restoring your health. [potion of cure mutation]
 81171 | Abyss:3  | Lost mutation: You are frail (-10% HP). [potion of cure mutation]
 81353 | Abyss:3  | Got an abyssal rune of Zot
 81413 | Abyss:3  | Gained mutation: Scrolls take you a little longer to read. [a shining eye]
 81743 | Depths:4 | Escaped the Abyss
 82397 | Slime:1  | Entered Level 1 of the Pits of Slime
 83286 | Slime:3  | Gained mutation: You have difficulty communicating with the divine. [a shining eye]
 83610 | Slime:6  | Entered Level 6 of the Pits of Slime
 83919 | Slime:6  | Found a viscous altar of Jiyva.
 83922 | Slime:6  | Noticed the royal jelly
 83932 | Slime:6  | Killed the royal jelly
 83936 | Slime:6  | Reached skill level 15 in Translocations
 83937 | Slime:6  | Received a gift from Okawaru
 83998 | Slime:6  | Identified the Catalogue of the Pirate
 84001 | Slime:6  | Got a slimy rune of Zot
 84261 | Lair:8   | Lost mutation: You are weak. (Str -2) [potion of cure mutation]
 84261 | Lair:8   | Lost mutation: Scrolls take you a little longer to read. [potion of cure mutation]
 84261 | Lair:8   | Lost mutation: You have difficulty communicating with the divine. [potion of cure mutation]
 84262 | Lair:8   | Gained mutation: You are agile. (Dex +2) [potion of beneficial mutation]
 84875 | Zot:1    | Entered Level 1 of the Realm of Zot
 85025 | Zot:1    | Received a gift from Okawaru
 85187 | Zot:1    | Received a gift from Okawaru
 85796 | Zot:1    | Reached skill level 21 in Unarmed Combat
 85850 | Zot:1    | HP: 13/262 [black draconian annihilator/bolt of lightning (28)]
 86223 | Zot:1    | Received a gift from Okawaru
 87673 | Zot:5    | Entered Level 5 of the Realm of Zot
 87684 | Zot:4    | Reached skill level 22 in Unarmed Combat
 88317 | Zot:5    | Noticed an ancient lich
 88335 | Zot:5    | Killed an ancient lich
 88335 | Zot:5    | Received a gift from Okawaru
 88338 | Zot:5    | Got a faintly glowing steam dragon armour {god gift}
 88339 | Zot:5    | Identified the -3 steam dragon armour of Atheism {+Blink rElec rPois rN+} (Okawaru gifted it to you on level 5 of the Realm of Zot)
 88371 | Zot:5    | Noticed an ancient lich
 88378 | Zot:5    | Killed an ancient lich
 88395 | Zot:5    | Noticed an orb of fire
 88396 | Zot:5    | Gained mutation: You are frail (-10% HP). [an orb of fire]
 88419 | Zot:5    | Noticed an orb of fire
 88423 | Zot:5    | Killed an orb of fire
 88430 | Zot:5    | Killed an orb of fire
 88622 | Zot:5    | Noticed an orb of fire
 88623 | Zot:5    | Gained mutation: You are dopey. (Int -2) [an orb of fire]
 88624 | Zot:5    | Noticed an orb of fire
 88625 | Zot:5    | Noticed an orb of fire
 88715 | Zot:5    | Reached skill level 23 in Unarmed Combat
 88729 | Zot:5    | Gained mutation: You are very frail (-20% HP). [an orb of fire]
 88753 | Zot:5    | Noticed an orb of fire
 88756 | Zot:5    | Noticed an orb of fire
 88757 | Zot:5    | Noticed an ancient lich
 88757 | Zot:5    | Lost mutation: You are very frail (-20% HP). [an orb of fire]
 88758 | Zot:5    | Noticed an orb of fire
 88954 | Zot:5    | Noticed an ancient lich
 88970 | Zot:5    | Killed an ancient lich
 89102 | Zot:5    | Lost mutation: You are agile. (Dex +2) [an orb of fire]
 89104 | Zot:5    | Gained mutation: Scrolls take you a little longer to read. [an orb of fire]
 89107 | Zot:5    | Killed an orb of fire
 89130 | Zot:5    | Killed an orb of fire
 89169 | Zot:5    | Killed an orb of fire
 89196 | Zot:5    | Killed an ancient lich
 89196 | Zot:5    | Received a gift from Okawaru
 89373 | Zot:5    | Lost mutation: Scrolls take you a little longer to read. [potion of cure mutation]
 89373 | Zot:5    | Lost mutation: You are frail (-10% HP). [potion of cure mutation]
 89373 | Zot:5    | Lost mutation: You are dopey. (Int -2) [potion of cure mutation]
 89402 | Zot:5    | Killed an orb of fire
 89526 | Zot:5    | Gained mutation: Your spells are a little easier to cast, but a little less powerful. [an orb of fire]
 89550 | Zot:5    | Killed an orb of fire
 89555 | Zot:5    | Gained mutation: You have large cloven feet. [an orb of fire]
 89556 | Zot:5    | Gained mutation: You occasionally shout uncontrollably at your foes. [an orb of fire]
 89566 | Zot:5    | Killed an orb of fire
 89726 | Zot:5    | Lost mutation: Your spells are a little easier to cast, but a little less powerful. [potion of cure mutation]
 89726 | Zot:5    | Lost mutation: You have large cloven feet. [potion of cure mutation]
 89728 | Zot:5    | Got the Orb of Zot
 89740 | Zot:5    | Noticed Troomn the pandemonium lord
 89920 | Depths:5 | Noticed Trefyo the pandemonium lord
 89969 | Depths:2 | Noticed a seraph
 90051 | D:15     | Noticed Veusycvu the pandemonium lord
 90235 | D:8      | Received a gift from Okawaru
 90379 | D:1      | Lost mutation: You occasionally shout uncontrollably at your foes. [potion of cure mutation]
 90381 | D:$      | Escaped with the Orb!

Action                   |  1- 3 |  4- 6 |  7- 9 | 10-12 | 13-15 | 16-18 | 19-21 | 22-24 | 25-27 || total
-------------------------+-------+-------+-------+-------+-------+-------+-------+-------+-------++-------
Melee: Unarmed           |   102 |   148 |   324 |   968 |  1846 |  2159 |  1776 |  2246 |  3738 || 13307
Throw: Stone             |     2 |    49 |    51 |    92 |       |       |       |       |       ||   194
       Tomahawk          |       |       |    10 |    54 |   143 |   162 |       |       |       ||   369
       Large rock        |       |       |     1 |    22 |    15 |    39 |    25 |    83 |   485 ||   670
       Javelin           |       |       |       |       |    45 |    69 |    24 |   115 |       ||   253
 Cast: Blink             |       |       |       |       |       |       |       |       |    10 ||    10
       Portal Projectile |       |       |       |       |       |       |       |       |    23 ||    23
Invok: Heroism           |       |       |       |     3 |     1 |     5 |       |     6 |    21 ||    36
       Finesse           |       |       |       |       |       |     2 |     1 |     3 |     7 ||    13
 Abil: Evoke Flight      |       |       |       |       |       |     1 |       |       |       ||     1
Evoke: Wand              |       |       |       |     1 |       |     1 |     3 |    12 |    21 ||    38
       Rod               |       |       |       |       |       |     3 |       |       |       ||     3
       Box of beasts     |       |       |       |       |       |       |     1 |       |       ||     1
       Phial of floods   |       |       |       |       |       |       |       |       |     3 ||     3
       Lamp of fire      |       |       |       |       |       |       |       |       |     4 ||     4
       Horn of Geryon    |       |       |       |       |       |       |       |       |     2 ||     2
  Use: Scroll            |       |       |     7 |     6 |     9 |    12 |     5 |    12 |    24 ||    75
       Potion            |       |       |       |       |     1 |       |     1 |       |    39 ||    41
 Stab: Sleeping          |     2 |     2 |     6 |     7 |     8 |       |       |       |       ||    25
       Distracted        |       |       |       |     2 |     1 |     2 |       |       |     6 ||    11
       Petrified         |       |       |       |       |     4 |       |       |       |       ||     4
  Eat: Chunk             |    12 |    18 |    40 |    94 |   130 |   127 |    74 |   115 |   176 ||   786
       Fruit             |       |       |     3 |       |       |     2 |       |       |     7 ||    12
       Meat ration       |       |       |       |       |       |       |       |       |     6 ||     6
       Pizza             |       |       |       |       |       |       |       |       |     9 ||     9
       Bread ration      |       |       |       |       |       |       |       |       |     1 ||     1
       Beef jerky        |       |       |       |       |       |       |       |       |     3 ||     3
